MLB
KANSAS CITY ROYALS @ TORONTO BLUE JAYS
07/01/2019
 
TOP OF THE 1ST
Kansas City Royals batting - Pitching for Toronto Blue Jays : RHP Marcus Stroman
Pitching: RHP Marcus Stroman
Batting: LHB Odubel Herrera 0-0: Fly out, F8 (Flyball, 8LD, EV 105.6 MPH)
Batting: LHB Jesse Winker 0-0: Ball
1-0: Called Strike
1-1: Foul Ball, location: 2F
1-2: Foul Ball, location: 2F
1-2: Ball
2-2: Ball
3-2: Ground out 4-3 (Groundball, 4, EV 94.4 MPH)
Batting: RHB Nolan Arenado 0-0: Ball
1-0: Foul Ball, location: 2F
1-1: Ball
2-1: Ball
3-1: Called Strike
3-2: Base on Balls
Batting: LHB Matt Adams 0-0: Ground out 4-3 (Groundball, 34D, EV 81.3 MPH)
Top of the 1st over - 0 runs, 0 hits, 0 errors, 1 left on base; Kansas City 0 - Toronto 0
BOTTOM OF THE 1ST
Toronto Blue Jays batting - Pitching for Kansas City Royals : RHP Jake Junis
Pitching: RHP Jake Junis
Batting: SHB Billy Hamilton 0-0: Called Strike
0-1: Foul Ball, location: 2F
0-2: Ball
1-2: Strikes out swinging
Batting: SHB Josh Bell 0-0: Called Strike
0-1: Ball
1-1: SINGLE (Groundball, 6MD, EV 101.9 MPH)
Batting: RHB Yoenis Cespedes 0-0: Called Strike
0-1: Swinging Strike
0-2: Strikes out swinging
Batting: LHB Mike Moustakas 0-0: Swinging Strike
0-1: Ball
1-1: Called Strike
1-2: Strikes out looking
Bottom of the 1st over - 0 runs, 1 hit, 0 errors, 1 left on base; Kansas City 0 - Toronto 0
TOP OF THE 2ND
Kansas City Royals batting - Pitching for Toronto Blue Jays : RHP Marcus Stroman
Batting: SHB Jurickson Profar 0-0: Ball
1-0: Ball
2-0: SINGLE (Line Drive, 78S, EV 106.3 MPH)
Batting: LHB Lonnie Chisenhall 0-0: Foul Ball, location: 2F
0-1: Ball
1-1: Fielders Choice at 2nd, 3-6 (Groundball, 3, EV 86.9 MPH)
Batting: RHB Kevin Plawecki 0-0: Ball
1-0: Ball
2-0: Called Strike
2-1: Foul Ball, location: 2F
2-2: Ball
3-2: Foul Ball, location: 2F
3-2: Foul Ball, location: 2F
3-2: Base on Balls
Lonnie Chisenhall to second
Batting: RHB Curt Casali 0-0: Called Strike
0-1: Ball
1-1: SINGLE (Flyball, 7S, EV 95.6 MPH)
Lonnie Chisenhall to third
Kevin Plawecki to second
Batting: RHB Troy Tulowitzki 0-0: Called Strike
0-1: Foul Ball, location: 2F
0-2: Ball
1-2: Ball
2-2: Ball
3-2: Fly out, F8 (Flyball, 8RXD, EV 90.0 MPH)
Runner from 3rd tags up, SCORES, no throw by CF
Batting: LHB Odubel Herrera 0-0: Fly out, F9 (Flyball, 9LS, EV 90.6 MPH)
Top of the 2nd over - 1 run, 2 hits, 0 errors, 2 left on base; Kansas City 1 - Toronto 0
BOTTOM OF THE 2ND
Toronto Blue Jays batting - Pitching for Kansas City Royals : RHP Jake Junis
Batting: RHB Nicholas Castellanos 0-0: Ball
1-0: Called Strike
1-1: Foul Ball, location: 2F
1-2: Ball
2-2: Foul Ball, location: 2F
2-2: SINGLE (Flyball, 9LS, EV 92.5 MPH)
Batting: RHB Elvis Andrus 0-0: Ball
1-0: Foul Ball, location: 2F
1-1: Fly out, F9 (Flyball, 9, EV 84.4 MPH)
Batting: RHB Keon Broxton 0-0: Called Strike
0-1: Called Strike
0-2: Strikes out swinging
Batting: LHB Dee Gordon 0-0: Foul Ball, location: 2F
0-1: Foul Ball, location: 2F
0-2: Ball
1-2: Foul Ball, location: 2F
1-2: Ball
2-2: Foul Ball, location: 2F
2-2: SINGLE (Groundball, 6D, EV 105.0 MPH)
Nicholas Castellanos to second
Batting: RHB Travis d'Arnaud 0-0: 3-RUN HOME RUN (Line Drive, 89XD, EV 108.8 MPH), Distance : 411 ft
Batting: SHB Billy Hamilton 0-0: Called Strike
0-1: Fly out, F9 (Flyball, 89S, EV 87.5 MPH)
Bottom of the 2nd over - 3 runs, 3 hits, 0 errors, 0 left on base; Kansas City 1 - Toronto 3
TOP OF THE 3RD
Kansas City Royals batting - Pitching for Toronto Blue Jays : RHP Marcus Stroman
Batting: LHB Jesse Winker 0-0: Ball
1-0: Fly out, F8 (Line Drive, 8RD, EV 86.3 MPH)
Batting: RHB Nolan Arenado 0-0: Ball
1-0: Foul Ball, location: 2F
1-1: Called Strike
1-2: SINGLE (Line Drive, 78S, EV 88.8 MPH)
Batting: LHB Matt Adams 0-0: Ball
1-0: Ball
2-0: Swinging Strike
2-1: SINGLE (Groundball, 34D, EV 104.4 MPH)
Nolan Arenado to second
Runner from 2nd tries for 3rd, SAFE, throw by RF made to third
Batting: SHB Jurickson Profar 0-0: Ball
Wild Pitch!
Nolan Arenado scores
Matt Adams to second
1-0: Called Strike
1-1: DOUBLE (Line Drive, 78D, EV 112.5 MPH)
Matt Adams scores
Batting: LHB Lonnie Chisenhall 0-0: Ball
1-0: Ball
2-0: Foul Ball, location: 2F
2-1: Fly out, F9 (Flyball, 89XD, EV 95.0 MPH)
Batting: RHB Kevin Plawecki 0-0: Foul Ball, location: 2F
0-1: Called Strike
0-2: Ground out 4-3 (Groundball, 4, EV 81.9 MPH)
Top of the 3rd over - 2 runs, 3 hits, 0 errors, 1 left on base; Kansas City 3 - Toronto 3
BOTTOM OF THE 3RD
Toronto Blue Jays batting - Pitching for Kansas City Royals : RHP Jake Junis
Batting: SHB Josh Bell 0-0: DOUBLE (Line Drive, 78D, EV 98.8 MPH)
Batting: RHB Yoenis Cespedes 0-0: SINGLE (Groundball, 6MD, EV 105.0 MPH)
Josh Bell to third
Batting: LHB Mike Moustakas 0-0: DOUBLE (Line Drive, 78D, EV 100.6 MPH)
Josh Bell scores
Yoenis Cespedes to third
Batting: RHB Nicholas Castellanos 0-0: SINGLE (Line Drive, 6MD, EV 97.5 MPH)
Yoenis Cespedes scores
Mike Moustakas to third
Pitching: RHP Jacob Nix
Batting: RHB Elvis Andrus 0-0: Fly out, F8 (Line Drive, 8LD, EV 101.9 MPH)
Runner from 3rd tags up, SCORES, no throw by CF
Batting: RHB Keon Broxton 0-0: Ball
1-0: Foul Ball, location: 2F
1-1: Foul Ball, location: 2F
1-2: SINGLE (Flyball, 7S, EV 82.5 MPH)
Nicholas Castellanos to second
Batting: LHB Dee Gordon 0-0: Ball
1-0: Ball
2-0: Fielders Choice at 2nd, 5-4 (Groundball, 56, EV 106.3 MPH)
Nicholas Castellanos to third
Batting: RHB Travis d'Arnaud 0-0: Ball
1-0: Swinging Strike
1-1: Called Strike
1-2: Fly out, F9 (Flyball, 9S, EV 89.4 MPH)
Bottom of the 3rd over - 3 runs, 5 hits, 0 errors, 2 left on base; Kansas City 3 - Toronto 6
TOP OF THE 4TH
Kansas City Royals batting - Pitching for Toronto Blue Jays : RHP Marcus Stroman
Batting: RHB Curt Casali 0-0: Foul Ball, location: 2F
0-1: Ball
1-1: Ball
2-1: Foul Ball, location: 2F
2-2: Strikes out looking
Batting: RHB Troy Tulowitzki 0-0: Ground out 1-3 (Groundball, P, EV 83.8 MPH)
Batting: LHB Odubel Herrera 0-0: SINGLE (Groundball, 4MD, EV 103.1 MPH)
Batting: LHB Jesse Winker 0-0: Called Strike
0-1: SINGLE (Groundball, 4MD, EV 99.4 MPH)
Odubel Herrera to second
Runner from 2nd tries for 3rd, SAFE, no throw by CF
Batting: RHB Nolan Arenado 0-0: Foul Ball, location: 2F
0-1: Ball
1-1: Ball
2-1: Foul Ball, location: 2F
2-2: Foul Ball, location: 2F
2-2: Fly out, F6 (Popup, 56, EV 74.4 MPH)
Top of the 4th over - 0 runs, 2 hits, 0 errors, 2 left on base; Kansas City 3 - Toronto 6
BOTTOM OF THE 4TH
Toronto Blue Jays batting - Pitching for Kansas City Royals : RHP Jacob Nix
Batting: SHB Billy Hamilton 0-0: Foul Ball, location: 2F
0-1: Swinging Strike
0-2: Ball
1-2: Ground out 2-3 (Groundball, 2L, EV 68.8 MPH)
Batting: SHB Josh Bell 0-0: Fly out, F9 (Flyball, 89S, EV 88.8 MPH)
Batting: RHB Yoenis Cespedes 0-0: Ball
1-0: Ball
2-0: Called Strike
2-1: SINGLE (Line Drive, 4D, EV 94.4 MPH)
Batting: LHB Mike Moustakas 0-0: Fly out, F5 (Popup, 6, EV 74.4 MPH)
Bottom of the 4th over - 0 runs, 1 hit, 0 errors, 1 left on base; Kansas City 3 - Toronto 6
TOP OF THE 5TH
Kansas City Royals batting - Pitching for Toronto Blue Jays : RHP Marcus Stroman
Batting: LHB Matt Adams 0-0: Ground out 6-3 (Groundball, 6M, EV 80.6 MPH)
Batting: SHB Jurickson Profar 0-0: Ground out 6-3 (Groundball, 6S, EV 68.8 MPH)
Batting: LHB Lonnie Chisenhall 0-0: Called Strike
0-1: Ball
1-1: Foul Ball, location: 2F
1-2: Fly out, F7 (Flyball, 78S, EV 87.5 MPH)
Top of the 5th over - 0 runs, 0 hits, 0 errors, 0 left on base; Kansas City 3 - Toronto 6
BOTTOM OF THE 5TH
Toronto Blue Jays batting - Pitching for Kansas City Royals : RHP Jacob Nix
Batting: RHB Nicholas Castellanos 0-0: Called Strike
0-1: Foul Ball, location: 2F
0-2: Foul Ball, location: 2F
0-2: Strikes out swinging
Batting: RHB Elvis Andrus 0-0: Foul Ball, location: 2F
0-1: SINGLE (Groundball, 6D, EV 106.9 MPH)
Batting: RHB Keon Broxton 0-0: Ball
1-0: Foul Ball, location: 2F
1-1: Foul Ball, location: 2F
1-2: Strikes out swinging
Batting: LHB Dee Gordon 0-0: Ball
1-0: Called Strike
1-1: Foul Ball, location: 2F
1-2: SINGLE (Groundball, 4MD, EV 102.5 MPH)
Elvis Andrus to second
Pitching: RHP Silvino Bracho
Batting: RHB Travis d'Arnaud 0-0: Called Strike
0-1: Swinging Strike
0-2: Ball
1-2: Ball
2-2: Strikes out swinging
Bottom of the 5th over - 0 runs, 2 hits, 0 errors, 2 left on base; Kansas City 3 - Toronto 6
TOP OF THE 6TH
Kansas City Royals batting - Pitching for Toronto Blue Jays : RHP Marcus Stroman
Batting: RHB Kevin Plawecki 0-0: Ball
1-0: Fly out, F9 (Line Drive, 9, EV 95.0 MPH)
Batting: RHB Curt Casali 0-0: Ball
1-0: Foul Ball, location: 2F
1-1: Fly out, F8 (Flyball, 8LXD, EV 103.1 MPH)
Batting: RHB Troy Tulowitzki 0-0: DOUBLE (Line Drive, 89D, EV 101.3 MPH)
Batting: LHB Odubel Herrera 0-0: Fly out, F8 (Flyball, 8RM, EV 85.0 MPH)
Top of the 6th over - 0 runs, 1 hit, 0 errors, 1 left on base; Kansas City 3 - Toronto 6
BOTTOM OF THE 6TH
Toronto Blue Jays batting - Pitching for Kansas City Royals : RHP Silvino Bracho
Batting: SHB Billy Hamilton 0-0: Ball
1-0: Foul Ball, location: 2F
1-1: Ball
2-1: Foul Ball, location: 2F
2-2: Foul Ball, location: 2F
2-2: Strikes out swinging
Batting: SHB Josh Bell 0-0: Called Strike
0-1: Ball
1-1: Ball
2-1: Ground out U3 (Groundball, 3L, EV 87.5 MPH)
Batting: RHB Yoenis Cespedes 0-0: Called Strike
0-1: Foul Ball, location: 2F
0-2: Strikes out swinging
Bottom of the 6th over - 0 runs, 0 hits, 0 errors, 0 left on base; Kansas City 3 - Toronto 6
TOP OF THE 7TH
Kansas City Royals batting - Pitching for Toronto Blue Jays : RHP Marcus Stroman
Batting: LHB Jesse Winker 0-0: Ball
1-0: Fly out, F9 (Flyball, 9S, EV 90.6 MPH)
Batting: RHB Nolan Arenado 0-0: Called Strike
0-1: DOUBLE (Line Drive, 89XD, EV 105.0 MPH)
Batting: LHB Matt Adams 0-0: Ball
1-0: Ball
2-0: Fly out, F8 (Flyball, 89D, EV 91.3 MPH)
Runner from 2nd tags up, SAFE at 3rd, no throw by CF
Batting: SHB Jurickson Profar 0-0: Ball
1-0: Ball
2-0: Called Strike
2-1: Foul Ball, location: 2F
2-2: DOUBLE (Line Drive, 9LM, EV 111.3 MPH)
Nolan Arenado scores
Pitching: RHP Carson Smith
Batting: LHB Lonnie Chisenhall 0-0: Ball
1-0: Swinging Strike
1-1: Ground out 1-3 (Groundball, 13, EV 86.9 MPH)
Top of the 7th over - 1 run, 2 hits, 0 errors, 1 left on base; Kansas City 4 - Toronto 6
BOTTOM OF THE 7TH
Toronto Blue Jays batting - Pitching for Kansas City Royals : RHP Silvino Bracho
Pitching: RHP Mark Montgomery
Batting: LHB Mike Moustakas 0-0: Ball
1-0: Ball
2-0: Foul Ball, location: 2F
2-1: Ball
3-1: Foul Ball, location: 2F
3-2: Foul Ball, location: 2F
3-2: Base on Balls
Batting: RHB Nicholas Castellanos 0-0: Ball
1-0: Called Strike
1-1: Ball
2-1: Foul Ball, location: 2F
2-2: Ball
3-2: Base on Balls
Mike Moustakas to second
Batting: RHB Elvis Andrus 0-0: Ball
1-0: Ball
2-0: Called Strike
2-1: Ball
3-1: Called Strike
3-2: Fly out, F7 (Flyball, 7D, EV 91.9 MPH)
Runner from 2nd tags up, SAFE at 3rd, no throw by LF
Pitching: RHP Carl Edwards Jr.
Batting: RHB Keon Broxton 0-0: Called Strike
0-1: Called Strike
0-2: Ball
1-2: Strikes out looking
Batting: LHB Dee Gordon 0-0: Ball
1-0: Foul Ball, location: 2F
1-1: Called Strike
1-2: Strikes out swinging
Bottom of the 7th over - 0 runs, 0 hits, 0 errors, 2 left on base; Kansas City 4 - Toronto 6
TOP OF THE 8TH
Kansas City Royals batting - Pitching for Toronto Blue Jays : RHP Carson Smith
Batting: RHB Kevin Plawecki 0-0: Swinging Strike
0-1: Ball
1-1: Ball
2-1: Ball
3-1: Base on Balls
Batting: RHB Curt Casali 0-0: Ball
1-0: Fly out, F7 (Flyball, 7D, EV 101.3 MPH)
Batting: RHB Troy Tulowitzki 0-0: Called Strike
0-1: Ball
1-1: Foul Ball, location: 2F
1-2: Strikes out looking
Batting: LHB Odubel Herrera 0-0: Called Strike
0-1: Ball
1-1: Called Strike
1-2: Ball
2-2: Strikes out swinging
Top of the 8th over - 0 runs, 0 hits, 0 errors, 1 left on base; Kansas City 4 - Toronto 6
BOTTOM OF THE 8TH
Toronto Blue Jays batting - Pitching for Kansas City Royals : RHP Carl Edwards Jr.
Pitching: RHP David Hernandez
Batting: RHB Travis d'Arnaud 0-0: Fly out, F9 (Flyball, 9D, EV 91.3 MPH)
Batting: SHB Billy Hamilton 0-0: Foul Ball, location: 2F
0-1: Ball
1-1: Ball
2-1: Ball
3-1: SINGLE (Groundball, 3D, EV 96.9 MPH)
Batting: SHB Josh Bell 0-0: Called Strike
0-1: Ball
1-1: Foul Ball, location: 2F
1-2: Strikes out looking
Batting: RHB Yoenis Cespedes 0-0: Called Strike
0-1: Ball
1-1: Ball
2-1: Ball
3-1: TRIPLE (Line Drive, 78XD, EV 106.3 MPH)
Billy Hamilton scores
Batting: LHB Mike Moustakas 0-0: Called Strike
0-1: Fly out, F7 (Flyball, 7LSF, EV 86.9 MPH)
Bottom of the 8th over - 1 run, 2 hits, 0 errors, 1 left on base; Kansas City 4 - Toronto 7
TOP OF THE 9TH
Kansas City Royals batting - Pitching for Toronto Blue Jays : RHP Carson Smith
Pitching: RHP Dellin Betances
Batting: LHB Jesse Winker 0-0: Ball
1-0: Swinging Strike
1-1: Foul Ball, location: 2F
1-2: Strikes out swinging
Batting: RHB Nolan Arenado 0-0: Called Strike
0-1: Called Strike
0-2: Ball
1-2: Ball
2-2: Strikes out swinging
Batting: LHB Matt Adams 0-0: Ball
1-0: Ball
2-0: SOLO HOME RUN (Flyball, 9D, EV 98.1 MPH), Distance : 377 ft
Batting: SHB Jurickson Profar 0-0: Ground out 4-3 (Groundball, 4, EV 105.6 MPH)
Top of the 9th over - 1 run, 1 hit, 0 errors, 0 left on base; Kansas City 5 - Toronto 7
Thursday, October 3rd, 2019 - OOTP Baseball 20.6 Build 55